 Dungeon Crawl Stone Soup version 0.15-a0-1206-g3bad1a6 (webtiles) character file.

2951 Deemzul the Martial Artist (level 9, -26/62 HPs)
             Began as an Octopode Monk on June 1, 2014.
             Killed from afar by an adder (49 damage)
             ... with an exploding inner flame
             ... hexed by the player character
             ... on Level 7 of the Dungeon.
             The game lasted 00:14:02 (7155 turns).

Deemzul the Martial Artist (Octopode Monk)          Turns: 7155, Time: 00:14:03

HP -26/62        AC  1     Str 11      XL: 9   Next: 81%
MP  11/11        EV 16     Int 12      God:
Gold 281         SH  0     Dex 17      Spells:  0 memorised,  8 levels left

rFire  x . .     SeeInvis .       - Unarmed
rCold  + + .     Clarity  .     (no shield)
rNeg   . . .     rCorr    .     (helmet restricted)
rPois  .         rRot     .     (no amulet)
rElec  .         Spirit   .     d - ring of ice
SustAb .         Warding  .     r - ring of protection from cold
rMut   .         Stasis   .     (no ring)
Gourm  .                        (no ring)
MR     .....                    (no ring)
                                (no ring)
                                (no ring)
                                (no ring)

@: about to teleport, slowed, very slow, not resistant to hostile enchantments,
fairly stealthy
A: almost no armour, amphibious, 8 rings, constrict 8, camouflage 1, gelatinous
body 1
a: no special abilities


You were on level 7 of the Dungeon.
You were hungry.

You visited 1 branch of the dungeon, and saw 8 of its levels.
You also visited: Sewer.

You collected 281 gold pieces.

Inventory:

Hand weapons
 p - a +2,+2 great sword of electrocution
 q - a +1,+1 shortbow of flame
Missiles
 t - 32 arrows
Magical devices
 s - a wand of magic darts (15)
 u - a wand of fireball (6)
 v - a wand of magic darts (18)
 y - a wand of cold (8) {unknown}
Comestibles
 b - 3 bread rations
 c - 2 fruits
 x - 4 beef jerkies
 A - 3 chunks of ogre flesh
Scrolls
 a - 4 scrolls of blinking {unknown}
 e - 2 scrolls of random uselessness {unknown}
 f - 5 scrolls of remove curse
 g - 3 scrolls of fog
 h - 5 scrolls of identify
 j - 3 scrolls of immolation
 l - 3 scrolls of teleportation
 n - a scroll of enchant weapon I {unknown}
 w - a scroll of fear {unknown}
Jewellery
 d - a ring of ice (left tentacle)
 r - a ring of protection from cold (right tentacle)
Potions
 i - a potion of curing
 k - a potion of beneficial mutation {unknown}
 m - a potion of restore abilities
 o - a potion of heal wounds
 z - a potion of haste


   Skills:
 + Level 5.8 Fighting
 + Level 5.9 Dodging
 - Level 2.6 Stealth
 * Level 11.6 Unarmed Combat
 + Level 1.3 Evocations


You had 8 spell levels left.
You didn't know any spells.

Dungeon Overview and Level Annotations

Branches:
Dungeon (8/15)
 Temple: D:4-7         Lair: D:8-11

Altars:
Nemelex Xobeh
Zin

Shops:
D:6 }

Annotations:
D:7 Duvessa


Innate Abilities, Weirdness & Mutations

You cannot wear most types of armour.
You are amphibious.
You can wear up to eight rings at the same time.
You can use your tentacles to constrict many enemies at once.
Your skin changes colour to match your surroundings (Stealth).
Your rubbery body absorbs attacks (AC +1).


Message History

Unknown command.
Evoke which item? (* to show all) (? for menu, Esc to quit)
Zapping:
y - a shiny wooden wand
Press: ? - help, Shift-Dir - straight line, f - adder
Aim: an adder (purple smoke, inner flame)
The bolt of cold hits the adder.
The adder explodes!
The fiery explosion engulfs Dowan.
You kill Dowan!
Duvessa screams in rage.
Duvessa goes berserk!
The fiery explosion engulfs the shadow imp.
The shadow imp explodes!
The fiery explosion engulfs Duvessa.
Duvessa is heavily wounded.
The fiery explosion engulfs Duvessa.
Duvessa is almost dead.
The fiery explosion engulfs you! The fire burns you terribly!
Ouch! That really hurt!
You die...

##............###Z).(##......#.#.
..#+##..##.)(..(....##...####+#+
. #........ZZ.....##..........
#....>.....(................
#......5.....#####..........
##..#.....(......'...(......
.........Z...#.####...#.##.#.
#.##..#...Z§###§# #####.##...
#.......§e§@o§# #.#..#.
..#.#.###§##### #.#..#. ......
#.# #.#..#. #.#.# #.# #.#..#. .#.
#.# #.#..#. #.# #.#..#. #.#
#.#..#. #.# #.#..#. . #.#..#.


You could see Duvessa (berserk), an orc wizard (inner flame) and 2 kobold
zombies.

Vanquished Creatures
  Pikel (D:6)
  The ghost of oplop the Magician, an experienced VSEn of Okawaru (D:5)
  A necrophage (D:6)
  A black bear (D:6)
  A slave (D:4)
  A sky beast (D:5)
  An ice beast (D:5)
  4 centaurs
  4 ogres
  Sigmund (D:4)
  A big kobold (D:7)
  3 giant frogs
  Blork the orc (D:5)
  3 scorpions
  2 crimson imps (D:5)
  Dowan (D:7)
  3 orc wizards
  2 hounds (D:4)
  2 worker ants
  A big kobold zombie (D:7)
  An ogre skeleton (D:5)
  Terence (D:3)
  8 adders
  An inept feature mimic (D:6)
  4 shadow imps
  14 giant mites
  4 worms
  An iguana zombie (D:6)
  12 giant geckos
  13 oozes
  9 orcs
  4 ball pythons
  19 bats
  20 giant cockroaches
  10 hobgoblins
  12 jackals
  A giant gecko skeleton (D:4)
  15 giant newts
  11 goblins
  10 kobolds
  A quokka zombie (D:5)
  8 rats
214 creatures vanquished.

Vanquished Creatures (others)
  A giant frog (D:6)
  An orc (D:6)
2 creatures vanquished.

Grand Total: 216 creatures vanquished

Notes
Turn   | Place    | Note
--------------------------------------------------------------
     0 | D:1      | Deemzul, the Octopode Monk, began the quest for the Orb.
     0 | D:1      | Reached XP level 1. HP: 16/16 MP: 1/1
   173 | D:1      | Reached XP level 2. HP: 17/21 MP: 2/2
   532 | D:1      | Reached XP level 3. HP: 26/26 MP: 3/3
   681 | D:2      | Reached skill level 5 in Unarmed Combat
   729 | D:2      | Found a sparkling altar of Nemelex Xobeh.
  1074 | D:2      | Reached XP level 4. HP: 31/31 MP: 4/4
  1328 | D:3      | Noticed Terence
  1338 | D:3      | Killed Terence
  1510 | D:3      | Found a glowing drain.
  1533 | Sewer    | Entered a sewer
  1713 | Sewer    | Reached skill level 6 in Unarmed Combat
  1808 | Sewer    | Reached XP level 5. HP: 29/36 MP: 5/5
  1957 | Sewer    | Reached skill level 7 in Unarmed Combat
  2171 | Sewer    | Reached XP level 6. HP: 38/42 MP: 6/6
  2320 | Sewer    | Noticed a giant frog
  2441 | Sewer    | Noticed a giant frog
  2443 | Sewer    | Killed a giant frog
  2444 | Sewer    | Killed a giant frog
  2623 | D:3      | Reached skill level 8 in Unarmed Combat
  2785 | D:3      | Reached XP level 7. HP: 44/46 MP: 7/7
  3054 | D:4      | Noticed Sigmund
  3243 | D:4      | Killed Sigmund
  3369 | D:4      | Found a glowing silver altar of Zin.
  3707 | D:4      | Reached skill level 9 in Unarmed Combat
  4548 | D:5      | Entered Level 5 of the Dungeon
  4628 | D:5      | Paralysed by a potion of paralysis for 3 turns
  4827 | D:5      | Reached XP level 8. HP: 27/52 MP: 8/8
  5048 | D:5      | Noticed Blork the orc
  5056 | D:5      | Killed Blork the orc
  5636 | D:5      | Reached skill level 10 in Unarmed Combat
  5988 | D:5      | Noticed oplop's ghost (experienced VSEn)
  5994 | D:6      | Found Yrofuuhafu's Gadget Shop.
  5994 | D:6      | Noticed Pikel
  6361 | D:5      | Killed oplop's ghost
  6361 | D:5      | Reached XP level 9. HP: 50/59 MP: 9/9
  6412 | D:6      | Found Gaoma's Assorted Antiques.
  6418 | D:6      | Reached skill level 5 in Dodging
  6440 | D:6      | Gaoma's Assorted Antiques was a mimic.
  6595 | D:6      | Reached skill level 5 in Fighting
  6612 | D:6      | Killed Pikel
  6612 | D:6      | Reached skill level 11 in Unarmed Combat
  7049 | D:7      | Reached skill level 1 in Evocations
  7128 | D:7      | Noticed Dowan
  7129 | D:7      | Noticed Duvessa
  7155 | D:7      | Killed Dowan
  7155 | D:7      | Killed from afar by an adder

Action                   |  1- 3 |  4- 6 |  7- 9 || total
-------------------------+-------+-------+-------++-------
Melee: Unarmed           |    68 |   163 |   195 ||   426
       Great sword       |       |    14 |    43 ||    57
Evoke: Wand              |       |       |     1 ||     1
  Use: Potion            |       |       |    11 ||    11
       Scroll            |       |       |     8 ||     8
 Stab: Sleeping          |     5 |    21 |    15 ||    41
       Distracted        |       |       |     1 ||     1
